 Dungeon Crawl Stone Soup version 0.30.0-5-g1a98f26d00 (webtiles) character file.

Game seed: 14334980270429295852

219 qeuew the Covered (level 5, -2/47 HPs)
             Began as a Minotaur Fighter on May 8, 2023.
             Was a Follower of Trog.
             Killed by nerve-wracking pain
             ... invoked by an orc priest
              (12 damage)
             ... on level 3 of the Dungeon.
             The game lasted 00:02:04 (1811 turns).

qeuew the Covered (Minotaur Fighter)                Turns: 1811, Time: 00:02:05

Health: -2/47      AC:  7    Str: 21    XL:     5   Next: 64%
Magic:  4/4        EV: 10    Int:  5    God:    Trog [*.....]
Gold:   83         SH:  5    Dex: 11    Spells: 4/4 levels left

rFire   . . .        a - +0 war axe
rCold   . . .        c - +0 buckler
rNeg    . . .        b - +0 scale mail
rPois   .            (helmet restricted)
rElec   .            (no cloak)
rCorr   .            (no gloves)
SInv    .            (no boots)
Will    .....        (no amulet) Stlth
                     (no ring)
HPRegen 0.27/turn    (no ring)
MPRegen 0.09/turn

%: no passive effects
@: no status effects
A: horns 2, retaliatory headbutt
a: Renounce Religion, Berserk


You were on level 3 of the Dungeon.
You worshipped Trog.
Trog was aware of your devotion.
You visited 1 branch of the dungeon, and saw 3 of its levels.

You collected 83 gold pieces.

Inventory:

Hand Weapons
 a - a +0 war axe (weapon)
Armour
 b - a +0 scale mail (worn)
 c - a +0 buckler (worn)
Wands
 e - a wand of roots (15)
Potions
 d - 2 potions of might
 f - a potion of curing {unknown}
 g - a potion of haste {unknown}


   Skills:
 + Level 4.3 Fighting
 + Level 3.6 Axes
 * Level 5.2 Armour
 + Level 2.0 Dodging
 + Level 4.5 Shields
 + Level 1.1 Evocations


You had 4 spell levels left.
You didn't know any spells.
Your spell library contained the following spells:

 Spells                   Type           Power      Damage    Failure   Level
 Gell's Gravitas          Tloc           0%         N/A       99%         3
 Teleport Other           Tloc           0%         N/A       99%         3
 Dispersal                Tloc           0%         N/A       100%        6


Dungeon Overview and Level Annotations

Branches:
Dungeon (3/15)

Altars:
Ashenzari
Trog


Innate Abilities, Weirdness & Mutations

You have a pair of horns on your head.
You reflexively headbutt those who attack you in melee.


Message History

You kill the orc!
Trog accepts your kill. The orc hits you but does no damage.
Unknown command.
You hit the orc priest. You headbutt the orc priest!
The orc priest is heavily wounded.
The orc priest invokes the aid of Beogh against you.
Beogh smites you! The orc hits you but does no damage.
You block the orc's attack. The orc priest misses you.
Unknown command.
You closely miss the orc priest.
The orc priest is heavily wounded.
The orc completely misses you.
The orc priest hits you with a +0 falchion.
Unknown command.
You are too injured to fight recklessly!
Unknown command.
You are too injured to fight recklessly!
Unknown command.
You are too injured to fight recklessly!
Unknown command.
You closely miss the orc priest.
The orc priest is heavily wounded.
You block the orc's attack.
The orc priest hits you with a +0 falchion.
You slash the orc priest!
The orc priest is almost dead.
The orc priest calls down the wrath of Beogh upon you.
Beogh smites you!
* * * LOW HITPOINT WARNING * * *
You block the orc's attack. The orc closely misses you.
The orc priest looks encouraged for a moment.
Unknown command.
Unknown command.
You closely miss the orc priest.
The orc priest is almost dead.
The orc barely misses you.
The orc priest calls down the wrath of Beogh upon you.
Pain shoots through your body!
You die...

.. #.........# #
#.....#....####
......#.......# .
......#.......# ..
##............####...
#...................
##...#.###...##...#
#...#.# ###))....#
#.. .. #@)....# ..
#o....... o.w.##'##
..>.... .# ...##....
# #... .....# #...
.....# #... .....#


You could see an orc priest, a dart slug and an orc.

Vanquished Creatures
  A hound (D:3)
  2 orc priests (D:3)
  An orc wizard (D:3)
  2 adders (D:2)
  4 worms (D:2)
  2 dart slugs
  6 orcs (D:3)
  4 bats
  3 endoplasms
  5 goblins
  8 hobgoblins
  2 jackals (D:2)
  6 kobolds
  3 quokkas
  5 ball pythons
  3 frilled lizards
  9 rats
66 creatures vanquished.

Notes
Turn   | Place    | Note
-------+----------+-------------------------------------------
     0 | D:1      | qeuew the Minotaur Fighter began the quest for the Orb.
     0 | D:1      | Reached XP level 1. HP: 19/19 MP: 0/0
   109 | D:1      | Reached XP level 2. HP: 27/27 MP: 1/1
   228 | D:1      | Reached skill level 4 in Armour
   708 | D:2      | Reached XP level 3. HP: 27/33 MP: 2/2
   899 | D:2      | Reached skill level 1 in Dodging
  1045 | D:2      | Reached XP level 4. HP: 38/40 MP: 3/3
  1091 | D:2      | Found a faded altar of an unknown god.
  1095 | D:2      | Prayed at the altar of an unknown god.
  1095 | D:2      | Became a worshipper of Trog the Wrathful
  1095 | D:2      | Reached * piety under Trog
  1442 | D:3      | Found a bloodstained altar of Trog.
  1442 | D:3      | Found a broken altar of Ashenzari.
  1621 | D:3      | Reached XP level 5. HP: 15/46 MP: 4/4
  1622 | D:3      | Reached skill level 5 in Armour
  1624 | D:3      | Reached skill level 1 in Evocations
  1782 | D:3      | Noticed a small abomination
  1811 | D:3      | Killed from afar by an orc priest

Illustrated notes

Levels and vault maps discovered:
D:1:      roderic_octagonal_star, layout_basic, kennysheep_nondescript,
          minmay_tetromino_s2
D:2:      layout_basic, hellmonk_ecumenical_altar_inner_sanctum
D:3:      layout_basic, palyth_temple_overflow_mages,
          nicolae_overflow_two_pavilions, portal_sewer_entry_b,
          gammafunk_ghost_abyssal_escape, minivault_24,
          kennysheep_generic_room_7

Skill      XL: |  1  2  3  4  5 |
---------------+----------------+-----
Armour         | 4 5 |  5.2
Shields        | 4 |  4.5
Axes           | 3 |  3.6
Dodging        | 1 2 |  2.0
Fighting       | 4 |  4.3
Evocations     | 1 |  1.1

Action                     |  1- 3 |  4- 6 || total
---------------------------+-------+-------++-------
  Melee: War axe           |    70 |    41 ||   111
         Headbutt          |    10 |     6 ||    16
 Invoke: Berserk           |       |     1 ||     1
    Use: Scroll            |     1 |     2 ||     3
         Potion            |     1 |     2 ||     3
 Armour: Scale mail        |    26 |    19 ||    45
  Dodge: Dodged            |    27 |    34 ||    61
  Block: Buckler           |    12 |    20 ||    32
